 Dungeon Crawl Stone Soup version 0.25-a0-25-gf18fdeb (webtiles) character file.

Game seed: 3973129782480376483, levelgen mode: deterministic

2222 TheGoonsmith the Cleaver (level 9, -4/68 HPs)
             Began as a Formicid Fighter on Oct 17, 2019.
             Was a Follower of Uskayaw.
             Slain by Harold
             ... wielding a +0 dire flail
              (18 damage)
             ... on level 8 of the Dungeon.
             The game lasted 00:15:51 (6792 turns).

TheGoonsmith the Cleaver (Formicid Fighter)         Turns: 6792, Time: 00:15:51

Health: -4/68      AC: 17    Str: 23    XL:     9   Next: 61%
Magic:  6/9        EV:  6    Int:  8    God:    Uskayaw [*.....]
Gold:   330        SH: 11    Dex: 11    Spells: 8/8 levels left

rFire    . . .     SeeInvis +   a - +0 war axe
rCold    . . .     Gourm    .   c - +0 shield
rNeg     . . .     Faith    .   e - +0 plate armour
rPois    .         Spirit   .   (helmet unavailable)
rElec    .         Reflect  .   H - +1 cloak
rCorr    .         Harm     .   D - +1 pair of gloves
MR       +....                  (no boots)
Stlth    ..........             (no amulet)
HPRegen  0.21/turn              E - ring of wizardry
MPRegen  0.11/turn              x - ring of protection from magic

@: no status effects
A: permanent stasis, dig shafts and tunnels, four strong arms, antennae 3
a: Dig, Shaft Self, Stomp, Renounce Religion


You were on level 8 of the Dungeon.
You worshipped Uskayaw.
Uskayaw was noncommittal.
You were not hungry.

You visited 2 branches of the dungeon, and saw 9 of its levels.

You collected 369 gold pieces.
You spent 39 gold pieces at shops.

Inventory:

Hand Weapons
 a - a +0 war axe (weapon)
 F - a +0 arbalest
Missiles
 q - 7 atropa-tipped darts (quivered)
 B - 21 poisoned darts
 G - 40 bolts
Armour
 b - a +0 scale mail
 c - a +0 shield (worn)
 e - a +0 plate armour (worn)
 k - a +0 cloak
 D - a +1 pair of gloves (worn)
 H - a +1 cloak (worn)
 K - a +2 chain mail of positive energy
Jewellery
 g - a cursed amulet of inaccuracy
 i - an uncursed ring of stealth
 l - an uncursed amulet of harm
 m - a cursed ring of attention {unknown}
 x - a ring of protection from magic (right hand)
 y - an uncursed ring of fire {unknown}
 E - a ring of wizardry (left hand)
Wands
 h - a wand of acid (20)
 I - a wand of scattershot (5)
 L - a wand of paralysis (10)
 O - a wand of flame (15)
Scrolls
 o - 2 scrolls of amnesia
 u - 2 scrolls of teleportation
 v - 2 scrolls of remove curse
 J - a scroll of identify
 M - 4 scrolls of fear
Potions
 d - 2 potions of might
 j - 2 potions of resistance {unknown}
 n - 2 potions of haste
 p - a potion of brilliance {unknown}
 r - 3 potions of curing {unknown}
 s - 2 potions of agility {unknown}
 t - 2 potions of degeneration {unknown}
 w - a potion of magic {unknown}
 z - 3 potions of heal wounds {unknown}
 A - 2 potions of ambrosia {unknown}
 C - 3 potions of flight {unknown}
 P - a potion of mutation {unknown}
Comestibles
 f - 19 rations


   Skills:
 + Level 5.6 Fighting
 * Level 9.7 Axes
 + Level 5.5 Armour
 + Level 6.7 Shields
 + Level 1.2 Invocations


You had 8 spell levels left.
You didn't know any spells.
Your spell library contained the following spells:

 Spells                   Type           Power        Failure   Level  Hunger
 Animate Skeleton         Necr           N/A          99%         1    ##.....
 Freeze                   Ice            #...         99%         1    ##.....
 Magic Dart               Conj           #...         99%         1    ##.....
 Pain                     Necr           #...         99%         1    ##.....
 Call Imp                 Summ           #.......     99%         2    ###....
 Slow                     Hex            #.......     99%         2    ###....
 Throw Frost              Conj/Ice       #.....       99%         2    ###....
 Conjure Flame            Conj/Fire      #.......     100%        3    ####...
 Mephitic Cloud           Conj/Pois/Air  #.......     100%        3    ####...
 Ozocubu's Armour         Chrm/Ice       #.......     100%        3    ####...
 Regeneration             Chrm/Necr      #.........   100%        3    ####...
 Vampiric Draining        Necr           #.........   100%        3    ####...
 Animate Dead             Necr           N/A          100%        4    #####..
 Summon Ice Beast         Ice/Summ       #.......     100%        4    #####..
 Throw Icicle             Conj/Ice       #.......     100%        4    #####..
 Blink                    Tloc           Unusable     N/A         2    N/A

Dungeon Overview and Level Annotations

Branches:
Dungeon (8/15)             Temple (1/1) D:5
   Lair: D:8-11

Altars:
Cheibriados
Elyvilon
Fedhas
Gozag
Kikubaaqudgha
Qazlal
Ru
Trog
Uskayaw
Vehumet
Wu Jian
Yredelemnul
The Shining One

Shops:
D:7 [*

Annotations:
D:4 2 runed translucent doors, Stevro's ghost, amateur TrBe
D:8 Harold


Innate Abilities, Weirdness & Mutations

You cannot be hasted, slowed, berserked, paralysed or teleported.
You can dig through walls and to a lower floor.
Your four strong arms can wield two-handed weapons with a shield.
You have a pair of large antennae on your head. (SInv)


Message History

Harold hits you with a +0 dire flail!
You hit Harold.
Harold is moderately wounded.
Harold hits you with a +0 dire flail!!
You hit Harold but do no damage.
Harold is moderately wounded.
Harold hits you with a +0 dire flail.
Okay, then.
You stomp with the beat, sending a shockwave through the revelers around you!
Harold is moderately wounded.
You feel somewhat more hungry.
You can no longer stomp with the beat.
Harold hits you with a +0 dire flail!
* * * LOW HITPOINT WARNING * * *
You can now stomp with the beat.
Are you sure you want to shaft yourself?
You feel quite a bit more hungry.
You hear the hiss of a distant avalanche of sand.
Harold hits you with a +0 dire flail!!
You die...

######.######.##.### #
...................#.#
####...######.##.#.#.#
#.....# #.##.....#
##...######.####.###
##)........##...#
#.##########(### #.#
#.# ##'## #@# #†)†#
#@# #.....# #.#
#.......# ..#
#.........# ..#
+.........+ ....
#.........# ...#
##.......## #..##
##.....##


You could see Harold.

Vanquished Creatures
  Pikel (D:7)
  Duvessa (D:7)
  2 ogres
  3 centaurs
  A big kobold (D:5)
  3 bullfrogs
  Dowan (D:7)
  A scorpion (D:7)
  2 crimson imps (D:6)
  5 hounds
  Crazy Yiuf (D:4)
  A gnoll shaman (D:6)
  An orc priest (D:3)
  2 jellies
  7 orc wizards
  4 worker ants
  2 hound skeletons
  6 gnolls
  6 adders
  A shadow imp (D:8)
  An ooze (D:1)
  An adder skeleton (D:4)
  A worm (D:2)
  A dart slug (D:1)
  2 leopard geckos
  20 orcs
  6 giant cockroaches
  12 hobgoblins
  16 kobolds
  2 quokkas
  A ball python (D:4)
  7 bats
  6 frilled lizards
  8 goblins
  A leopard gecko skeleton (D:4)
  A quokka zombie (D:5)
  7 rats
144 creatures vanquished.

Notes
Turn   | Place    | Note
-------+----------+-------------------------------------------
     0 | D:1      | TheGoonsmith the Formicid Fighter began the quest for the
                  | Orb.
     0 | D:1      | Reached XP level 1. HP: 18/18 MP: 1/1
   108 | D:1      | Reached XP level 2. HP: 24/24 MP: 2/2
   332 | D:1      | Reached XP level 3. HP: 30/30 MP: 3/3
   657 | D:2      | Noticed a bullfrog
   661 | D:2      | Killed a bullfrog
   661 | D:2      | Reached skill level 3 in Axes
   661 | D:2      | Reached XP level 4. HP: 37/37 MP: 4/4
   661 | D:2      | Reached XP level 5. HP: 42/42 MP: 5/5
  1437 | D:3      | Reached XP level 6. HP: 43/50 MP: 6/6
  1501 | D:3      | Reached skill level 5 in Fighting
  1526 | D:3      | Reached skill level 4 in Axes
  1603 | D:3      | Found a glowing golden altar of the Shining One.
  2030 | D:4      | Found a runed translucent door.
  2037 | D:4      | Reached skill level 5 in Shields
  2037 | D:4      | Reached XP level 7. HP: 50/56 MP: 7/7
  2101 | D:4      | Found a runed translucent door.
  2102 | D:4      | Noticed Crazy Yiuf
  2243 | D:4      | Reached skill level 5 in Axes
  2387 | D:4      | Found a runed translucent door.
  2398 | D:4      | Noticed Stevro's ghost (amateur TrBe)
  2473 | D:4      | Reached skill level 5 in Armour
  2782 | D:4      | Found a bloodstained altar of Trog.
  3313 | D:4      | Killed Crazy Yiuf
  3313 | D:4      | Reached XP level 8. HP: 59/62 MP: 8/8
  3350 | D:5      | Entered Level 5 of the Dungeon
  3369 | D:5      | Found a staircase to the Ecumenical Temple.
  3380 | Temple   | Entered the Ecumenical Temple
  3785 | Temple   | Became a worshipper of Uskayaw the Reveler
  3820 | D:5      | Reached * piety under Uskayaw
  4114 | D:5      | Reached ** piety under Uskayaw
  4143 | D:5      | Reached skill level 6 in Axes
  4592 | D:6      | Reached skill level 7 in Axes
  4623 | D:6      | Reached *** piety under Uskayaw
  4626 | D:6      | Reached **** piety under Uskayaw
  5161 | D:7      | Found Cheibriados's Comfort Zone.
  5162 | D:7      | Found a snail-covered altar of Cheibriados.
  5254 | D:7      | Noticed Pikel
  5265 | D:7      | Killed Pikel
  5265 | D:7      | Reached skill level 9 in Axes
  5265 | D:7      | Reached XP level 9. HP: 35/68 MP: 9/9
  5489 | D:7      | Found Rulodoups's Assorted Antiques.
  5493 | D:7      | Bought a scroll labeled AXUZEFFUUFO for 21 gold pieces
  5493 | D:7      | Bought a smoky grey potion for 18 gold pieces
  5917 | D:7      | Noticed Duvessa
  5917 | D:7      | Noticed Dowan
  5933 | D:7      | Killed Duvessa
  5934 | D:7      | Killed Dowan
  6743 | D:8      | Reached skill level 1 in Invocations
  6778 | D:8      | Noticed Harold
  6792 | D:8      | Slain by Harold

Levels and vault maps discovered:
D:1:      dpeg_arrival_central, layout_basic
D:2:      layout_basic
D:3:      layout_rooms, tso_altar
D:4:      layout_basic, ebering_ghost_sewer_f, first_ration, trog_hazing_becter,
          uniq_crazy_yiuf_cottage
D:5:      cheibrodos_thug_alley, layout_basic, minmay_temple_entry_glass
D:6:      layout_loops_cross
D:7:      layout_loops_corners, serial_shops, shop, minmay_shop_chei,
          uniq_pikel, uniq_duvessa
D:8:      layout_loops_corners, lair_entry_dummy, enter_ossuary_4, uniq_harold
Temple:   minmay_temple_forest_path

Skill      XL: |  1  2  3  4  5  6  7  8  9 |
---------------+----------------------------+-----
Fighting       | 4 5 |  5.6
Axes           | 3 4 5 9 |  9.7
Shields        | 4 5 6 |  6.7
Armour         | 4 5 |  5.5
Invocations    | 1 |  1.2

Action                   |  1- 3 |  4- 6 |  7- 9 || total
-------------------------+-------+-------+-------++-------
Melee: War axe           |    89 |   182 |   328 ||   599
Invok: Stomp             |       |       |     1 ||     1
 Abil: Shaft Self        |       |       |     1 ||     1
  Use: Scroll            |       |       |    15 ||    15
       Potion            |       |       |     1 ||     1
 Stab: Paralysed         |       |       |     4 ||     4
  Eat: Chunk             |       |     4 |     6 ||    10
       Ration            |       |       |     3 ||     3
Armor: Plate armour      |    49 |   123 |   196 ||   368
       Scale mail        |     3 |       |       ||     3
Dodge: Dodged            |    18 |    45 |    60 ||   123
Block: Shield            |    51 |   109 |   187 ||   347

Table legend:
 A = Non-vault XP
 B = Vault XP
 C = Vault XP percentage of total XP
 D = Non-vault monster count
 E = Vault monster count
 F = Vault count percentage of total count
                 A         B        C        D         E       F
            +---------+---------+-------+---------+---------+-------
      Total |    2186 |     989 |  31.1 |     127 |      17 |  11.8
            +---------+---------+-------+---------+---------+-------
        D:1 |      48 |       0 |   0.0 |      27 |       0 |   0.0
        D:2 |     182 |       0 |   0.0 |      23 |       0 |   0.0
        D:3 |     284 |       0 |   0.0 |      26 |       0 |   0.0
        D:4 |     454 |      52 |  10.3 |      18 |       7 |  28.0
        D:5 |     187 |     107 |  36.4 |       5 |       7 |  58.3
        D:6 |     381 |       0 |   0.0 |      12 |       0 |   0.0
        D:7 |     428 |     830 |  66.0 |       8 |       3 |  27.3
        D:8 |     222 |       0 |   0.0 |       8 |       0 |   0.0
            +---------+---------+-------+---------+---------+-------
